 Dungeon Crawl Stone Soup version 0.27.1-35-g4d5d836560 (webtiles) character file.

Game seed: 18234005514081093466

276 Delamore the Covert (level 6, -1/39 HPs)
             Began as an Octopode Brigand on Mar 8, 2022.
             Killed by divine providence
             ... invoked by an orc priest
              (11 damage)
             ... on level 3 of the Dungeon.
             The game lasted 00:02:52 (3136 turns).

Delamore the Covert (Octopode Brigand)              Turns: 3136, Time: 00:02:53

Health: -1/39      AC:  1    Str: 10    XL:     6   Next: 25%
Magic:  6/6        EV: 14    Int: 13    God:
Gold:   119        SH:  0    Dex: 16    Spells: 5/5 levels left

rFire    + . .     SeeInvis +   f - +2 dagger (speed)
rCold    . . .     Faith    .   (no shield)
rNeg     . . .     Spirit   .   (helmet restricted)
rPois    +         Reflect  .   (no amulet)
rElec    .         Harm     .   h - ring of wizardry
rCorr    .         Rampage  .   i - ring of protection from fire
Will     .....                  k - ring of poison resistance
Stlth    +++++.....             r - ring of see invisible
HPRegen  0.13/turn              (no ring)
MPRegen  0.10/turn              (no ring)
                                (no ring)
                                (no ring)

@: no status effects
A: almost no armour, amphibious, 8 rings, camouflage 1, gelatinous body 1,
(nimble swimmer 1), tentacles
a: no special abilities


You were on level 3 of the Dungeon.
You visited 1 branch of the dungeon, and saw 4 of its levels.

You collected 119 gold pieces.

Inventory:

Hand Weapons
 a - a +2 dagger
 f - a +2 dagger of speed (weapon)
 n - a +0 dagger of venom
 t - a +3 short sword
Missiles
 b - 27 poisoned darts (quivered)
 c - 2 curare-tipped darts
 o - 8 boomerangs
Jewellery
 h - a ring of wizardry (left tentacle)
 i - a ring of protection from fire (right tentacle)
 k - a ring of poison resistance (on tentacle)
 r - a ring of see invisible (on tentacle)
Scrolls
 d - a scroll of enchant armour
 g - a scroll of holy word
 j - a scroll of torment
 s - a scroll of vulnerability
Potions
 e - a potion of attraction {unknown}
 m - a potion of heal wounds {unknown}
 p - a potion of ambrosia {unknown}
 q - a potion of berserk rage {unknown}


   Skills:
 - Level 2.0 Fighting
 + Level 3.9 Short Blades
 - Level 2.0 Throwing
 + Level 2.7 Dodging
 + Level 8.1 Stealth


You had 5 spell levels left.
You didn't know any spells.
Your spell library contained the following spells:

 Spells                   Type           Power      Damage    Failure   Level
 Beastly Appendage        Tmut           0%         N/A       12%         1
 Wereblood                Tmut           0%         N/A       19%         2
 Spider Form              Tmut/Pois      0%         N/A       34%         3


Dungeon Overview and Level Annotations

Branches:
Dungeon (4/15)
 Temple: D:4-7

Altars:

Shops:
D:3 =

Annotations:
D:3 3 runed translucent doors, waddelsworth's ghost, amateur GrEE


Innate Abilities, Weirdness & Mutations

You cannot wear most types of armour.
You are amphibious.
You can wear up to eight rings at the same time.
Your skin changes colour to match your surroundings (Stealth+).
Your rubbery body absorbs attacks. (AC +1, EV +1)
((You are camouflaged near water. (Stealth+)))
You have tentacles for arms and can constrict up to eight enemies at once.


Message History

The orc wizard hits you with a +0 dagger.
* * * LOW HITPOINT WARNING * * *
You hit the orc wizard. You grab the orc wizard.
The orc wizard is moderately wounded.
You constrict the orc wizard.
You hit the orc wizard but do no damage.
The orc wizard is moderately wounded.
You constrict the orc wizard.
The orc wizard hits you but does no damage.
You hit the orc wizard but do no damage.
You squeeze the orc wizard, but do no damage.
The orc wizard is moderately wounded.
You constrict the orc wizard. You barely miss the orc wizard.
You squeeze the orc wizard.
The orc wizard is heavily wounded.
You constrict the orc wizard. The orc wizard barely misses you.
You hit the orc wizard.
The orc wizard is severely wounded.
You constrict the orc wizard, but do no damage.
You hit the orc wizard. You squeeze the orc wizard.
You kill the orc wizard!
Things that are here:
a +0 dagger; a +0 robe You start resting.
HP restored.
There is a stone staircase leading down here.
You climb downwards.
The wight barely misses you.
The orc priest mumbles some strange prayers to Beogh against you.
Beogh smites you! The orc priest misses you.
The wight hits you with a +0 long sword.
There is a stone staircase leading up here.
The orc priest hits you with a +0 club.
The wight hits you with a +0 long sword!
* * * LOW HITPOINT WARNING * * *
You climb upwards.
Level annotation: 3 runed translucent doors, waddelsworth's ghost, amateur GrEE
There is a stone staircase leading down here.
The orc priest mumbles some strange prayers to Beogh against you.
Beogh smites you!
You die...

####.....#
#.............#......
#.....#
#.............####...
##########.............#
#... #######
#...............# #...
......# #...............#
#...
......#####.....[.........#
#...
......#..........zo.......#
#...
......#........##.........#
#...
......#.......##@..########
#... ......#......##....#
###. ......#.....##...#.#
#. ......#..####...##.# #.
#######........###.# #.
#......_^# #.# #.
#...^....###.# #.
#######...##.# #. ##...#.#
##


You could see a wight and an orc priest.

Vanquished Creatures
  An ogre (D:3)
  A bullfrog skeleton (D:3)
  An iguana (D:3)
  2 orc wizards
  2 adders
  A worm (D:3)
  A dart slug (D:3)
  6 orcs (D:3)
  3 endoplasms
  3 giant cockroaches
  9 goblins
  9 hobgoblins
  2 jackals (D:3)
  2 quokkas
  6 ball pythons
  6 bats
  3 frilled lizards
  3 kobolds
  5 rats
66 creatures vanquished.

Vanquished Creatures (others)
  An orc (D:3)
  A plant (D:1)
2 creatures vanquished.

Grand Total: 68 creatures vanquished

Notes
Turn   | Place    | Note
-------+----------+-------------------------------------------
     0 | D:1      | Delamore the Octopode Brigand began the quest for the Orb.
     0 | D:1      | Reached XP level 1. HP: 14/14 MP: 1/1
   325 | D:1      | Reached XP level 2. HP: 19/19 MP: 2/2
   454 | D:1      | Reached skill level 6 in Stealth
   910 | D:2      | Reached XP level 3. HP: 23/24 MP: 3/3
  1873 | D:3      | Reached skill level 7 in Stealth
  1873 | D:3      | Reached XP level 4. HP: 29/29 MP: 4/4
  1993 | D:3      | Found a runed translucent gate.
  1993 | D:3      | Found a runed translucent gate.
  1993 | D:3      | Found a runed translucent gate.
  1993 | D:3      | Noticed a sky beast
  1994 | D:3      | Noticed waddelsworth's ghost (amateur GrEE)
  2004 | D:3      | Found a faded altar of an unknown god.
  2065 | D:3      | Found Qiafotua's Jewellery Shoppe.
  2522 | D:3      | Noticed an ogre
  2527 | D:3      | Killed an ogre
  2528 | D:3      | Reached XP level 5. HP: 34/34 MP: 5/5
  2600 | D:3      | Reached XP level 6. HP: 36/39 MP: 6/6
  2875 | D:4      | Reached skill level 8 in Stealth
  3136 | D:3      | Killed from afar by an orc priest

Illustrated notes

Levels and vault maps discovered:
D:1:      psy_arrival_whirlpool, layout_loops_cross, serial_bayou_lagoon_a,
          minmay_pentomino_s4
D:2:      layout_basic, chequers_serial_rivers_marsh
D:3:      layout_basic, hellmonk_ecumenical_altar_crossroads, serial_shops,
          nicolae_shop_statue_plus, gammafunk_ghost_split, minmay_bisected
D:4:      layout_loops_ring, kennysheep_generic_room_13, uniq_edmund

Skill      XL: |  1  2  3  4  5  6 |
---------------+-------------------+-----
Stealth        | 6 7 8 |  8.1
Short Blades   | 3 |  3.9
Dodging        | 2 |  2.7
Fighting       | |  2.0
Throwing       | |  2.0

Action                   |  1- 3 |  4- 6 || total
-------------------------+-------+-------++-------
Melee: Dagger            |    85 |    75 ||   160
       Constrict         |    17 |    14 ||    31
       Tentacles         |     3 |    15 ||    18
Throw: Dart              |       |     8 ||     8
  Use: Scroll            |     3 |     1 ||     4
 Stab: Sleeping          |    17 |     8 ||    25
       Distracted        |     1 |     1 ||     2
Armor: Skin              |     4 |     4 ||     8
Dodge: Dodged            |    34 |    24 ||    58
